PBL
TIJUANA TOROS @ VICTORIA CAPITALS
06/12/2049
 
TOP OF THE 1ST
Tijuana Toros batting - Pitching for Victoria Capitals : RHP Bill Van Buskirk
Pitching: RHP Bill Van Buskirk
Batting: RHB Guillermo Puente 0-0: Ball
1-0: Called Strike
1-1: Ball
2-1: Ball
3-1: Ground out 1-3 (Groundball, 13S, EV 70.0 MPH)
Batting: RHB Guo Kwok 0-0: Ball
1-0: Ball
2-0: Foul Ball, location: 2F
2-1: Foul Ball, location: 2F
2-2: Strikes out swinging
Batting: RHB Jerry Afghani 0-0: Called Strike
0-1: Ball
1-1: Foul Ball, location: 2F
1-2: Strikes out swinging
Top of the 1st over - 0 runs, 0 hits, 0 errors, 0 left on base; Tijuana 0 - Victoria 0
BOTTOM OF THE 1ST
Victoria Capitals batting - Pitching for Tijuana Toros : LHP Mark Mullin
Pitching: LHP Mark Mullin
Batting: RHB Mike Reynolds 0-0: Ball
1-0: Ball
2-0: Called Strike
2-1: Ground out 4-3 (Groundball, 4S, EV 83.1 MPH)
Batting: RHB Hyeon-cheong Lee 0-0: Called Strike
0-1: Ball
1-1: SINGLE (Groundball, 25, EV 66.2 MPH) (infield hit)
Batting: LHB Rick Harrison 0-0: Ball
1-0: Ball
2-0: Called Strike
2-1: Fly out, F9 (Flyball, 9LM, EV 91.2 MPH)
Batting: RHB Josh Rentz 0-0: Foul Ball, location: 2F
0-1: Ball
Pickoff Throw to First - Out! 1-3
Bottom of the 1st over - 0 runs, 1 hit, 0 errors, 0 left on base; Tijuana 0 - Victoria 0
TOP OF THE 2ND
Tijuana Toros batting - Pitching for Victoria Capitals : RHP Bill Van Buskirk
Batting: LHB Jose Diaz 0-0: Ball
1-0: Swinging Strike
1-1: Ball
2-1: Ball
3-1: Called Strike
3-2: Strikes out swinging
Batting: RHB Mario Diaz 0-0: Ball
1-0: Called Strike
1-1: SINGLE (Groundball, P, EV 94.4 MPH) (infield hit)
Batting: RHB Jesus Herrera 0-0: Ball
1-0: Called Strike
1-1: Swinging Strike
1-2: Strikes out swinging
Batting: RHB Tan-ming Kwan 0-0: Called Strike
0-1: Ball
Mario Diaz steals 2nd base
1-1: Swinging Strike
1-2: Ball
2-2: Fly out, F7 (Flyball, 7D, EV 102.5 MPH)
Top of the 2nd over - 0 runs, 1 hit, 0 errors, 1 left on base; Tijuana 0 - Victoria 0
BOTTOM OF THE 2ND
Victoria Capitals batting - Pitching for Tijuana Toros : LHP Mark Mullin
Batting: RHB Josh Rentz 0-0: Called Strike
0-1: Foul Ball, location: 2F
0-2: Foul Ball, location: 2F
0-2: Ball
1-2: Strikes out swinging
Batting: RHB Ray Wathey 0-0: Ball
1-0: Foul Ball, location: 2F
1-1: Foul Ball, location: 2F
1-2: Ball
2-2: Ball
3-2: Fly out, F9 (Flyball, 9D, EV 93.8 MPH)
Batting: RHB Ron Mack 0-0: Ball
1-0: Called Strike
1-1: Ball
2-1: Foul Ball, location: 2F
2-2: Strikes out swinging
Bottom of the 2nd over - 0 runs, 0 hits, 0 errors, 0 left on base; Tijuana 0 - Victoria 0
TOP OF THE 3RD
Tijuana Toros batting - Pitching for Victoria Capitals : RHP Bill Van Buskirk
Batting: RHB Clay Holgate 0-0: Ground out 5-3 (Groundball, 56S, EV 63.8 MPH)
Batting: LHB Gerardo Arriaga 0-0: Called Strike
0-1: Called Strike
0-2: Foul Ball, location: 2F
0-2: Ball
1-2: Foul Ball, location: 2F
1-2: Strikes out swinging
Batting: RHB Guillermo Puente 0-0: Reached on error, E6 (Groundball, 6, EV 88.1 MPH)
Batting: RHB Guo Kwok 0-0: Ball
Guillermo Puente steals 2nd base
1-0: Foul Ball, location: 2F
1-1: Foul Ball, location: 2F
1-2: Ball
2-2: Ground out 6-3 (Groundball, 6, EV 85.6 MPH)
Top of the 3rd over - 0 runs, 0 hits, 1 error, 1 left on base; Tijuana 0 - Victoria 0
BOTTOM OF THE 3RD
Victoria Capitals batting - Pitching for Tijuana Toros : LHP Mark Mullin
Batting: LHB Willard Balcome 0-0: Ball
1-0: Ball
2-0: Swinging Strike
2-1: Ball
3-1: Base on Balls
Batting: LHB Mike Jones 0-0: Swinging Strike
0-1: Ball
1-1: Foul Ball, location: 2F
1-2: Strikes out looking
Batting: RHB Kevin Harris 0-0: Foul Ball, location: 2F
0-1: Ball
1-1: Fielders Choice at 2nd, 1-4 (Groundball, P, EV 61.2 MPH)
Batting: RHB Mike Reynolds 0-0: 2-RUN HOME RUN (Flyball, 9D, EV 101.2 MPH), Distance : 381 ft
Batting: RHB Hyeon-cheong Lee 0-0: Foul Ball, location: 2F
0-1: Foul Ball, location: 2F
0-2: Ball
1-2: Ball
2-2: Ground out 4-3 (Groundball, 4, EV 88.1 MPH)
Bottom of the 3rd over - 2 runs, 1 hit, 0 errors, 0 left on base; Tijuana 0 - Victoria 2
TOP OF THE 4TH
Tijuana Toros batting - Pitching for Victoria Capitals : RHP Bill Van Buskirk
Batting: RHB Jerry Afghani 0-0: Ball
1-0: Fly out, F8 (Line Drive, 8LM, EV 90.6 MPH)
Batting: LHB Jose Diaz 0-0: Called Strike
0-1: Ball
1-1: Foul Ball, location: 2F
1-2: Ball
2-2: Strikes out swinging
Batting: RHB Mario Diaz 0-0: Ball
1-0: Foul Ball, location: 2F
1-1: Ball
2-1: Ball
3-1: Base on Balls
Batting: RHB Jesus Herrera 0-0: Foul Ball, location: 2F
0-1: Fly out, F5 (Line Drive, 5L, EV 68.8 MPH)
Top of the 4th over - 0 runs, 0 hits, 0 errors, 1 left on base; Tijuana 0 - Victoria 2
BOTTOM OF THE 4TH
Victoria Capitals batting - Pitching for Tijuana Toros : LHP Mark Mullin
Batting: LHB Rick Harrison 0-0: Ball
1-0: Called Strike
1-1: SINGLE (Line Drive, 9S, EV 93.1 MPH)
Batting: RHB Josh Rentz 0-0: Ball
1-0: DOUBLE (Line Drive, 7LM, EV 107.5 MPH)
Rick Harrison to third
Batting: RHB Ray Wathey 0-0: Called Strike
0-1: Ball
1-1: DOUBLE (Flyball, 8RXD, EV 90.0 MPH)
Rick Harrison scores
Josh Rentz scores
Batting: RHB Ron Mack 0-0: Called Strike
0-1: Ball
1-1: Fly out, F9 (Flyball, 9S, EV 78.1 MPH)
Batting: LHB Willard Balcome 0-0: Called Strike
0-1: Foul Ball, location: 2F
0-2: Foul Ball, location: 2F
0-2: Ball
1-2: Hit by Pitch
Batting: LHB Mike Jones 0-0: Ball
1-0: Ball
2-0: Called Strike
2-1: Ball
3-1: 3-RUN HOME RUN (Flyball, 9LD, EV 99.4 MPH), Distance : 353 ft
Pitching: RHP Steve Powell
Batting: RHB Kevin Harris 0-0: Ball
1-0: Foul Ball, location: 2F
1-1: Called Strike
1-2: Ball
2-2: Foul Ball, location: 2F
2-2: Strikes out swinging
Batting: RHB Mike Reynolds 0-0: Ball
1-0: Hit by Pitch
Batting: RHB Hyeon-cheong Lee 0-0: SINGLE (Line Drive, 56D, EV 103.8 MPH)
Mike Reynolds to second
Batting: LHB Rick Harrison 0-0: Ball
1-0: Fly out, F2 (Popup, 23F, EV 84.4 MPH)
Bottom of the 4th over - 5 runs, 5 hits, 0 errors, 2 left on base; Tijuana 0 - Victoria 7
TOP OF THE 5TH
Tijuana Toros batting - Pitching for Victoria Capitals : RHP Bill Van Buskirk
Batting: RHB Tan-ming Kwan 0-0: Ball
1-0: Foul Ball, location: 2F
1-1: Ball
2-1: Ball
3-1: Base on Balls
Batting: RHB Clay Holgate 0-0: Called Strike
0-1: Ball
1-1: Called Strike
1-2: Ball
2-2: Foul Ball, location: 2F
2-2: Ball
3-2: Foul Ball, location: 2F
3-2: Base on Balls
Tan-ming Kwan to second
Batting: LHB Gerardo Arriaga 0-0: Fly out, F9 (Flyball, 9LS, EV 97.5 MPH)
Batting: RHB Guillermo Puente 0-0: Fly out, F8 (Flyball, 8LM, EV 93.8 MPH)
Batting: RHB Guo Kwok 0-0: Ball
1-0: 3-RUN HOME RUN (Flyball, 78XD, EV 106.9 MPH), Distance : 411 ft
Batting: RHB Jerry Afghani 0-0: Ball
1-0: Called Strike
1-1: Called Strike
1-2: Strikes out swinging
Top of the 5th over - 3 runs, 1 hit, 0 errors, 0 left on base; Tijuana 3 - Victoria 7
BOTTOM OF THE 5TH
Victoria Capitals batting - Pitching for Tijuana Toros : RHP Steve Powell
Batting: RHB Josh Rentz 0-0: Foul Ball, location: 2F
0-1: Fly out, F7 (Flyball, 78S, EV 91.2 MPH)
Batting: RHB Ray Wathey 0-0: Ball
1-0: Foul Ball, location: 2F
1-1: Foul Ball, location: 2F
1-2: Hit by Pitch
Batting: RHB Ron Mack 0-0: Swinging Strike
0-1: Ball
1-1: Called Strike
1-2: Strikes out swinging
Batting: LHB Willard Balcome 0-0: Ball
1-0: Called Strike
1-1: Fly out, F8 (Flyball, 89S, EV 90.6 MPH)
Bottom of the 5th over - 0 runs, 0 hits, 0 errors, 1 left on base; Tijuana 3 - Victoria 7
TOP OF THE 6TH
Tijuana Toros batting - Pitching for Victoria Capitals : RHP Bill Van Buskirk
Pitching: RHP Terry Jeffrey
Batting: LHB Jose Diaz 0-0: Called Strike
0-1: Foul Ball, location: 2F
0-2: Strikes out looking
Batting: RHB Mario Diaz 0-0: Foul Ball, location: 2F
0-1: Ball
1-1: Foul Ball, location: 2F
1-2: Strikes out swinging
Batting: RHB Jesus Herrera 0-0: Foul Ball, location: 2F
0-1: Called Strike
0-2: Strikes out swinging, 2-3 out at first.
Top of the 6th over - 0 runs, 0 hits, 0 errors, 0 left on base; Tijuana 3 - Victoria 7
BOTTOM OF THE 6TH
Victoria Capitals batting - Pitching for Tijuana Toros : RHP Steve Powell
Batting: LHB Mike Jones 0-0: Ground out 6-3 (Groundball, 6, EV 85.0 MPH)
Batting: RHB Kevin Harris 0-0: Called Strike
0-1: Ball
1-1: Called Strike
1-2: Ball
2-2: Strikes out swinging
Batting: RHB Mike Reynolds 0-0: Swinging Strike
0-1: Swinging Strike
0-2: Strikes out swinging
Bottom of the 6th over - 0 runs, 0 hits, 0 errors, 0 left on base; Tijuana 3 - Victoria 7
TOP OF THE 7TH
Tijuana Toros batting - Pitching for Victoria Capitals : RHP Terry Jeffrey
Now at 1B: Kevin Harris
Now at 2B: Rich Roberts
Now at SS: Ray Wathey
Now in LF: Rick Harrison
Now in CF: Antonio Arechiga
Batting: RHB Tan-ming Kwan 0-0: SOLO HOME RUN (Line Drive, 78XD, EV 98.8 MPH), Distance : 402 ft
Batting: RHB Djoka Subasic 0-0: Called Strike
0-1: Ball
1-1: Ball
2-1: Ball
3-1: SINGLE (Line Drive, 34, EV 104.4 MPH)
Batting: LHB Gerardo Arriaga 0-0: Foul Ball, location: 2F
0-1: Ball
1-1: Foul Ball, location: 2F
1-2: Fly out, F8 (Flyball, 89M, EV 96.9 MPH)
Pitching: RHP Fernando Aguirre
Batting: RHB Guillermo Puente 0-0: Swinging Strike
Djoka Subasic is caught stealing 2nd base 2-4
0-1: Foul Ball, location: 2F
0-2: Foul Ball, location: 2F
0-2: Ground out U3 (Groundball, 34, EV 108.1 MPH)
Top of the 7th over - 1 run, 2 hits, 0 errors, 0 left on base; Tijuana 4 - Victoria 7
BOTTOM OF THE 7TH
Victoria Capitals batting - Pitching for Tijuana Toros : RHP Steve Powell
Batting: RHB Hyeon-cheong Lee 0-0: Ball
1-0: Fly out, F7 (Flyball, 7LS, EV 95.0 MPH)
Batting: LHB Rick Harrison 0-0: Ball
1-0: Ground out 3-1 (Groundball, 34S, EV 63.8 MPH)
Batting: RHB Josh Rentz 0-0: Foul Ball, location: 2F
0-1: Ball
1-1: Swinging Strike
1-2: Ball
2-2: Strikes out swinging
Bottom of the 7th over - 0 runs, 0 hits, 0 errors, 0 left on base; Tijuana 4 - Victoria 7
TOP OF THE 8TH
Tijuana Toros batting - Pitching for Victoria Capitals : RHP Fernando Aguirre
Batting: RHB Guo Kwok 0-0: Called Strike
0-1: Fly out, F3 (Line Drive, 3, EV 61.9 MPH)
Batting: RHB Jerry Afghani 0-0: Ball
1-0: Ground out 4-3 (Groundball, 4S, EV 71.9 MPH)
Pitching: LHP Frank White
Batting: LHB Jose Diaz 0-0: Foul Ball, location: 2F
0-1: Foul Ball, location: 2F
0-2: Foul Ball, location: 2F
0-2: Strikes out looking
Top of the 8th over - 0 runs, 0 hits, 0 errors, 0 left on base; Tijuana 4 - Victoria 7
BOTTOM OF THE 8TH
Victoria Capitals batting - Pitching for Tijuana Toros : RHP Steve Powell
Batting: RHB Ray Wathey 0-0: Hit by Pitch
Batting: LHB Yen-ti Zhu 0-0: Bunted foul
0-1: Bunted foul
0-2: Ball
1-2: Ball
2-2: Ball
3-2: Foul Ball, location: 2F
3-2: Base on Balls
Ray Wathey to second
Pitching: RHP Jimmy Hitchcock
Batting: SHB Rich Roberts 0-0: Sac Bunt to 5S - play at first, batter OUT! 5-3
Ray Wathey to third
Yen-ti Zhu to second
Batting: RHB Antonio Arechiga 0-0: Intentional Walk
Batting: RHB Kevin Harris 0-0: Called Strike
0-1: SINGLE (Flyball, 9LM, EV 96.2 MPH)
Ray Wathey scores
Yen-ti Zhu to third
Antonio Arechiga to second
Batting: RHB Mike Reynolds 0-0: GRAND SLAM HOME RUN (Flyball, 78XD, EV 108.1 MPH), Distance : 414 ft
Pinch Hitting: RHB Roberto Medina 0-0: Called Strike
0-1: Ball
1-1: Foul Ball, location: 2F
1-2: SINGLE (Line Drive, 78S, EV 99.4 MPH)
Pinch Hitting: RHB Mike Barker 0-0: Foul Ball, location: 2F
0-1: Ball
1-1: Ball
2-1: Foul Ball, location: 2F
2-2: Foul Ball, location: 2F
2-2: Foul Ball, location: 2F
2-2: Strikes out swinging
Batting: RHB Josh Rentz 0-0: Ball
1-0: Ground out 2-3 (Groundball, 13S, EV 66.9 MPH)
Bottom of the 8th over - 5 runs, 3 hits, 0 errors, 1 left on base; Tijuana 4 - Victoria 12
TOP OF THE 9TH
Tijuana Toros batting - Pitching for Victoria Capitals : LHP Frank White
Now in LF: Adam Lupfer
Now in RF: Jason Cary
Batting: RHB Mario Diaz 0-0: Called Strike
0-1: Swinging Strike
0-2: Strikes out swinging
Batting: RHB Jesus Herrera 0-0: Ball
1-0: Swinging Strike
1-1: Swinging Strike
1-2: Ball
2-2: Ball
3-2: Foul Ball, location: 2F
3-2: Base on Balls
Batting: RHB Tan-ming Kwan 0-0: Swinging Strike
0-1: Ball
1-1: Foul Ball, location: 2F
1-2: Strikes out looking
Batting: RHB Djoka Subasic 0-0: Ball
1-0: Called Strike
1-1: Foul Ball, location: 2F
1-2: Fielders Choice at 2nd, 6-4 (Groundball, 6, EV 80.0 MPH)
Top of the 9th over - 0 runs, 0 hits, 0 errors, 1 left on base; Tijuana 4 - Victoria 12
Sunday, July 16th , 2023 - OOTP Baseball 24.6 Build 69